Map: Cyber Forest LE

Players

Exentas - Winner!

  • Race: Zerg Zerg
  • League: Platinum
  • Spawn Location: 5:00

Tohkin

  • Race: Terran Terran
  • League: Platinum
  • Spawn Location: 11:00

VOD

Have the link to the VOD?

Description

Time

  • Played on: June 21, 2019, 1:31 p.m.
  • Length: 9:45
Show
View Real Time Build Order
Export as new Build Order

Exentas Zerg - Winner!

Build Orders: Hatch First 

Get SALT Encoding   

  12  0:01  Drone  
  13  0:12  Overlord  
  13  0:18  Drone  
  14  0:30  Drone x2  
  16  0:51  Hatchery  
  16  0:52  Drone  
  16  0:57  Drone  
  16  0:59  Drone  
  18  1:11  Extractor  
  17  1:15  Spawning Pool  
  17  1:18  Drone  
  17  1:21  Drone  
  18  1:28  Drone  
  19  1:39  Overlord  
  19  1:49  Drone  
  20  2:03  Queen x2  
  20  2:04  Zergling x4  
  26  2:14  Metabolic Boost  
  26  2:15  Drone  
  26  2:16  Drone  
  28  2:25  Drone  
  28  2:26  Drone  
  30  2:32  Overlord  
  30  2:39  Drone  
  33  2:52  Queen  
  33  3:00  Drone x2  
  33  3:02  Hatchery, Overlord  
  34  3:06  Drone  
  34  3:08  Drone  
  34  3:10  Drone  
  37  3:28  Overlord x2  
  37  3:36  Drone x3  
  37  3:37  Drone x2  
  37  3:40  Drone  
  43  3:47  Zergling x8  
  43  3:48  Zergling x4  
  49  3:55  Zergling x4  
  51  3:59  Extractor  
  51  4:01  Extractor  
  49  4:04  Overlord x2  
  49  4:15  Spine Crawler  
  48  4:22  Zergling x10  
  53  4:26  Lair  
  53  4:27  Drone x2  
  53  4:29  Drone  
  56  4:33  Spore Crawler  
  56  4:37  Overlord x2  
  56  4:38  Spore Crawler  
  54  4:39  Zergling x2  
  45  5:01  Zergling x4  
  45  5:02  Zergling x8  
  51  5:07  Drone x2  
  52  5:19  Zergling x2  
  52  5:20  Zergling x14  
  58  5:45  Drone x3  
  58  5:46  Drone x2  
  61  6:00  Drone x11  
  72  6:17  Baneling Nest  
  72  6:18  Drone x3  
  72  6:19  Evolution Chamber  
  72  6:20  Evolution Chamber, Drone  
  72  6:21  Drone  
  72  6:23  Overlord  
  74  6:36  Overlord x4  
  74  6:40  Queen x3  
  74  6:46  Zerg Melee Weapons Level 1  
  80  6:47  Zerg Ground Armor Level 1  
  80  7:01  Centrifical Hooks  
  78  7:17  Drone x3  
  78  7:18  Drone  
  78  7:22  Extractor  
  81  7:23  Drone x3  
  81  7:24  Extractor, Drone x3  
  86  7:35  Queen x3  
  92  7:56  Hydralisk Den  
  92  7:58  Zergling x18  
  92  7:59  Zergling x20  
  92  8:01  Baneling  
  92  8:02  Baneling x22  
  110  8:28  Hatchery  
  109  8:55  Hydralisk x2  
  111  8:57  Overlord x7  
  113  9:20  Overseer  
  113  9:21  Overseer  
Show
View Real Time Build Order
Export as new Build Order

Tohkin Terran 

Build Orders: 1/1/1 

Get SALT Encoding   

  12  0:10  Supply Depot  
  12  0:13  SCV  
  13  0:35  Refinery  
  13  0:36  Barracks  
  13  0:41  SCV  
  14  0:50  Refinery  
  14  0:53  SCV  
  15  1:05  SCV  
  16  1:24  Marine  
  17  1:31  Factory  
  17  1:32  SCV  
  18  1:37  Supply Depot  
  18  1:46  Marine  
  19  1:59  SCV  
  20  2:04  Marine  
  21  2:15  Starport  
  21  2:16  Hellion  
  21  2:17  SCV  
  24  2:32  Marine  
  25  2:39  Hellion  
  25  2:40  SCV  
  28  2:54  Supply Depot  
  28  2:56  Viking  
  30  2:59  Marine  
  31  3:16  Hellion  
  33  3:22  Marine  
  34  3:36  Viking  
  34  3:37  Hellion  
  34  3:39  Marine  
  39  3:50  Supply Depot  
  39  4:12  Marine, SCV  
  39  4:13  Hellion  
  39  4:14  Supply Depot  
  43  4:37  Supply Depot  
  34  5:05  Marine, Hellion  
  35  5:23  Marine  
  35  5:41  Marine  
  34  5:46  Hellion  
  32  5:59  Marine  
  30  6:13  Barracks  
  30  6:17  Factory  
  30  6:20  Hellion  
  30  6:21  Marine  
  30  6:24  Starport Tech Lab  
  33  6:31  Supply Depot  
  33  6:44  Starport  
  33  6:45  Banshee  
  36  6:51  Marine  
  36  6:52  Hellion  
  39  7:01  Marine  
  40  7:09  Hellion  
  40  7:18  Hellion  
  40  7:19  Marine  
  43  7:22  Starport Tech Lab  
  43  7:28  Banshee  
  46  7:30  Marine  
  46  7:36  Marine  
  46  7:37  Hellion  
  49  7:40  Hellion  
  49  7:41  Banshee  
  55  7:48  Marine  
  56  7:54  Marine  
  56  7:58  Hellion  
  59  8:01  Hellion  
  61  8:06  Marine  
  61  8:11  Banshee  
  61  8:12  Marine  
  66  8:22  Hellion, Supply Depot  
  66  8:24  Marine  
  69  8:29  Hellion  
  71  8:43  Banshee  
  71  8:45  Supply Depot  
  74  8:50  Marine  
  74  8:51  Marine  
  74  8:53  Hellion  
  78  9:09  Supply Depot  
Tags
 
Add a new tag
Caveats
  • Supply blocks, unpowered buildings, or Contaminate may cause inaccurate times.
  • Supply counts are checked every 10 seconds.